 Dungeon Crawl Stone Soup version 0.27-a0-1123-g2f9bb313c0 (webtiles) character file.

Game seed: 3869968709402368146

155 robertstho the Skirmisher (level 5, -6/48 HPs)
             Began as a Minotaur Berserker on May 3, 2021.
             Was a Believer of Trog.
             Killed by divine providence
             ... invoked by an orc priest
              (9 damage)
             ... on level 3 of the Dungeon.
             The game lasted 00:03:33 (2265 turns).

robertstho the Skirmisher (Minotaur Berserker)      Turns: 2265, Time: 00:03:34

Health: -6/48      AC:  9    Str: 23    XL:     5   Next: 14%
Magic:  2/4        EV:  8    Int:  4    God:    Trog [**....]
Gold:   73         SH:  0    Dex:  9    Spells: 4/4 levels left

rFire    . . .     SeeInvis .   d - +0 great sword (holy)
rCold    . . .     Faith    .   (shield currently unavailable)
rNeg     . . .     Spirit   .   f - +0 chain mail
rPois    .         Reflect  .   (helmet restricted)
rElec    .         Harm     .   (no cloak)
rCorr    .         Rampage  .   (no gloves)
Will     .....                  (no boots)
Stlth    ..........             (no amulet)
HPRegen  0.16/turn              (no ring)
MPRegen  0.09/turn              (no ring)

@: about to teleport, on berserk cooldown, slowed, very slow
A: horns 2, retaliatory headbutt
a: Renounce Religion, Berserk, Trog's Hand


You were on level 3 of the Dungeon.
You worshipped Trog.
Trog was pleased with you.
You visited 1 branch of the dungeon, and saw 3 of its levels.

You collected 73 gold pieces.

Inventory:

Hand Weapons
 d - a +0 great sword of holy wrath (weapon)
Armour
 f - a +0 chain mail (worn)
Scrolls
 a - a scroll of immolation
 c - a scroll of teleportation
Potions
 b - a potion of lignification {unknown}


   Skills:
 * Level 5.2 Fighting
 + Level 2.7 Long Blades
 + Level 3.9 Axes
 * Level 3.6 Armour
 + Level 2.5 Dodging
 + Level 0.1 Stealth


You had 4 spell levels left.
You didn't know any spells.
Your spell library was empty.

Dungeon Overview and Level Annotations

Branches:
Dungeon (3/15)

Altars:

Shops:
D:1 (


Innate Abilities, Weirdness & Mutations

You have a pair of horns on your head.
You reflexively headbutt those who attack you in melee.


Message History

The orc priest is moderately wounded.
You slash the orc priest!
The orc priest is severely wounded.
The orc priest mumbles some strange prayers to Beogh against you.
Beogh smites you! The orc barely misses you.
An orc comes into view. It is wielding a +0 hand axe.
You are too injured to fight recklessly!
You are too injured to fight recklessly!
You are too injured to fight recklessly!
Unknown command.
A red film seems to cover your vision as you go berserk!
You feel yourself moving faster!
You feel mighty!
The orc priest hits you but does no damage.
The orc hits you from afar with a +1 antimagic trident.
You feel your power leaking away.
You closely miss the orc priest. Your headbutt misses the orc priest.
The orc priest is severely wounded.
The orc priest hits you with a +0 flail.
An orc wizard comes into view. It is wielding a +0 dagger.
The orc hits you from afar with a +1 antimagic trident!
* * * LOW HITPOINT WARNING * * *
You feel your power leaking away.
You slash the orc priest!
You kill the orc priest!
Trog accepts your kill. The orc hits you but does no damage.
The orc priest invokes the aid of Beogh against you.
Beogh smites you!
* * * LOW HITPOINT WARNING * * *
You have reached level 5!
You feel a strong urge to attack something.
You feel your anger nearly subside.
You are no longer berserk.
You are exhausted.
You feel yourself slow down. The orc hits you but does no damage.
As you read the scroll of teleportation, it crumbles to dust.
You feel strangely unstable. The orc hits you but does no damage.
The orc priest invokes the aid of Beogh against you.
Beogh smites you!
You die...

#######o. #.##
.......)# ...#
#.###.# .#.#
#....o####...#
#####.......#
####o.### #.o#
#########o.#
..<....@...#
##########)#
..###########.#
...>........(.#
#.#####.#######
#.# #<# #.# #.#


You could see an orc priest and an orc.

Vanquished Creatures
  An orc priest (D:3)
  Robin (D:2)
  4 gnolls (D:2)
  2 adders (D:2)
  A dart slug (D:1)
  A worm (D:2)
  5 ball pythons
  3 endoplasms
  A giant cockroach (D:1)
  15 goblins
  3 hobgoblins (D:1)
  4 quokkas
  5 bats (D:1)
  2 frilled lizards
  4 kobolds
  3 rats
55 creatures vanquished.

Notes
Turn   | Place    | Note
-------+----------+-------------------------------------------
     0 | D:1      | robertstho the Minotaur Berserker began the quest for the
                  | Orb.
     0 | D:1      | Reached XP level 1. HP: 19/19 MP: 0/0
   281 | D:1      | Reached skill level 4 in Fighting
   487 | D:1      | Found a faded altar of an unknown god.
   509 | D:1      | Reached XP level 2. HP: 27/27 MP: 1/1
   733 | D:1      | Found Fiatiebla's Weapon Shoppe.
  1241 | D:1      | Reached XP level 3. HP: 34/34 MP: 2/2
  1300 | D:2      | Reached ** piety under Trog
  1301 | D:2      | Reached skill level 1 in Long Blades
  1309 | D:2      | Reached XP level 4. HP: 23/41 MP: 3/3
  1510 | D:2      | Reached skill level 5 in Fighting
  1857 | D:2      | Noticed Robin
  1880 | D:2      | Killed Robin
  2256 | D:3      | HP: 1/63 [orc priest/divine providence (13)]
  2257 | D:3      | Reached XP level 5. HP: 2/48 MP: 1/4
  2265 | D:3      | Killed from afar by an orc priest

Illustrated notes

Levels and vault maps discovered:
D:1:      giann_bridges, layout_basic, serial_shops, shop,
          basic_ecumenical_altar
D:2:      layout_loops_cross, uniq_robin
D:3:      cheibrodos_pilgrimage, layout_loops_ring, serial_glass,
          glass_columns_b, glass_columns_a

Skill      XL: |  1  2  3  4 |
---------------+-------------+-----
Fighting       | 4 5 |  5.2
Long Blades    | 1 2 |  2.7
Armour         | 3 |  3.6
Axes           | |  3.9
Dodging        | |  2.5
Stealth        | |  0.1

Action                   |  1- 3 |  4- 6 || total
-------------------------+-------+-------++-------
Melee: Great sword       |    46 |    48 ||    94
       Headbutt          |     9 |    12 ||    21
Invok: Berserk           |     3 |     2 ||     5
       Trog's Hand       |       |     1 ||     1
  Use: Scroll            |     5 |     2 ||     7
       Potion            |       |     2 ||     2
Armor: Animal skin       |    10 |       ||    10
       Scale mail        |     7 |     7 ||    14
       Chain mail        |       |    42 ||    42
Dodge: Dodged            |    48 |    36 ||    84
       Rpst.: Great sword |    10 |    11 ||    21

Table legend: (Time is in decaauts)
 A = Elapsed time spent in this place.
 B = Non-inter-level travel time spent in this place.
 C = Inter-level travel time spent in this place.
 D = Time resting spent in this place.
 E = Time spent auto-exploring this place.
 F = Levels seen in this place.
 G = Mean time per level.
                   A        B        C        D        E       F      G
               +--------+--------+--------+--------+--------+-----+--------+
         Total |   2369 |   2293 |     76 |    189 |   1720 |   3 |  789.7 |
       Dungeon |   2369 |   2293 |     76 |    189 |   1720 |   3 |  789.7 |
               +--------+--------+--------+--------+--------+-----+--------+

Top non-repeatable levels by time:
     D:1: 1335 daAuts
     D:2: 973 daAuts
     D:3: 60 daAuts
